 Dungeon Crawl Stone Soup version 0.25.1-9-gc5326a611f (webtiles) character file.

Game seed: 10327797773572882290

24915 Destapler the Fighter (level 12, -4/168 HPs)
             Began as a Minotaur Fighter on Jan 3, 2021.
             Was a Believer of Ashenzari.
             Slain by a warg (6 damage)
             ... led by Saint Roka
             ... on level 2 of the Orcish Mines.
             The game lasted 01:02:03 (14005 turns).

Destapler the Fighter (Minotaur Fighter)           Turns: 14005, Time: 01:02:04

Health: -4/168     AC: 23    Str: 33    XL:     12   Next: 84%
Magic:  13/13      EV: 11    Int:  3    God:    Ashenzari [**....]
Gold:   98         SH: 20    Dex: 15    Spells: 11/11 levels left

rFire    . . .     SeeInvis .   e - +7 spear of Ancient Evil {vorpal, +Blink +Fly rC- Stlth+}
rCold    . . .     Gourm    .   c - +1 kite shield
rNeg     + + .     Faith    .   R - +3 chain mail {rN+}
rPois    .         Spirit   .   u - +2 hat
rElec    .         Reflect  +   (no cloak)
rCorr    +         Harm     .   C - +2 pair of gloves {Dex+3}
MR       .....                  L - +1 pair of boots of Mirth {rN+ rCorr Str+3 Int-2}
Stlth    ..........             j - amulet of reflection
HPRegen  0.38/turn              x - ring of protection from cold
MPRegen  0.13/turn              U - +6 ring of strength

@: berserking, hasted, studying Fighting, very quick
A: retaliatory headbutt, horns 2
a: Curse Item, Scrying, Renounce Religion, Evoke Blink, Evoke Flight


You were on level 2 of the Orcish Mines.
You worshipped Ashenzari.
Ashenzari was pleased with you.
You were not hungry.

You visited 3 branches of the dungeon, and saw 15 of its levels.
You also visited: Sewer and Gauntlet.

You collected 1150 gold pieces.
You spent 1052 gold pieces at shops.

Inventory:

Hand Weapons
 e - the +7 spear of Ancient Evil (weapon) {vorpal, +Blink +Fly rC- Stlth+}
   (You found it on level 11 of the Dungeon)

   It inflicts extra damage upon your enemies.
   It makes you vulnerable to cold.
   It lets you fly.
   It lets you blink.
   It makes you more stealthy.
 n - a +3 flail of protection
Missiles
 d - 23 poisoned darts
 i - a throwing net
 l - 18 javelins (quivered)
 t - 7 boomerangs
Armour
 c - a +1 kite shield (worn)
 u - a +2 hat (worn)
 C - a +2 pair of gloves of dexterity (worn)
 L - the +1 pair of boots of Mirth (worn) {rN+ rCorr Str+3 Int-2}
   (You found it in a Gauntlet)

   It affects your strength (+3).
   It affects your intelligence (-2).
   It protects you from negative energy.
   It provides partial protection from all sources of acid and corrosion.
 R - a +3 chain mail of positive energy (worn)
 V - the +0 hat of Insatiable Hunger {rElec rC- Str-2 Stlth+}
   (You found it in a Gauntlet)

   It affects your strength (-2).
   It makes you vulnerable to cold.
   It insulates you from electricity.
   It makes you more stealthy.
 W - a +1 pair of boots of running
Jewellery
 j - an amulet of reflection (around neck)
 v - a +4 ring of evasion
 x - a ring of protection from cold (left hand)
 U - a +6 ring of strength (right hand)
Wands
 m - a wand of digging (19)
 o - a wand of iceblast (3)
 B - a wand of polymorph (4)
 D - a wand of clouds (10)
 I - a wand of flame (14)
 M - a wand of paralysis (17)
 N - a wand of random effects (20)
 Q - a wand of disintegration (13)
Scrolls
 k - 15 scrolls of teleportation
 p - 4 scrolls of fear
 s - 8 scrolls of identify
 y - 2 scrolls of magic mapping
 E - 2 scrolls of enchant weapon
 H - a scroll of amnesia
 P - a scroll of summoning
 S - 6 scrolls of remove curse
 T - 2 scrolls of enchant armour
 Y - a scroll of noise {unknown}
 Z - a scroll of random uselessness {unknown}
Potions
 h - a potion of heal wounds
 q - 7 potions of curing
 r - a potion of ambrosia
 w - 2 potions of flight
 z - 4 potions of mutation
 A - a potion of berserk rage
 F - a potion of cancellation
 G - a potion of haste
Books
 a - a manual of Fighting
Miscellaneous
 K - a lightning rod (3/4)
Comestibles
 b - 8 chunks of flesh
 f - 30 rations


   Skills:
 * Level 12.0 Fighting
 + Level 11.5 Maces & Flails
 - Level 9.1 Throwing
 + Level 11.7 Armour
 * Level 4.7 Dodging
 + Level 11.7 Shields
 * Level 3.8 Evocations


You had 11 spell levels left.
You didn't know any spells.
Your spell library contained the following spells:

 Spells                   Type           Power        Failure   Level  Hunger
 Magic Dart               Conj           #...         97%         1    ##.....
 Sting                    Tmut/Pois      #...         97%         1    ##.....
 Poisonous Vapours        Pois/Air       #.....       99%         2    ###....
 Searing Ray              Conj           #.....       99%         2    ###....
 Dazzling Flash           Conj/Hex       #.....       100%        3    ####...
 Ignite Poison            Fire/Tmut/Pois #.......     100%        3    ####...
 Mephitic Cloud           Conj/Pois/Air  #.......     100%        3    ####...
 Fulminant Prism          Conj/Hex       #.........   100%        4    #####..
 Iskenderun's Mystic Bla  Conj/Tloc      #.......     100%        4    #####..
 Olgreb's Toxic Radiance  Pois           #.......     100%        4    #####..


Dungeon Overview and Level Annotations

Branches:
Dungeon (12/15)            Temple (1/1) D:4            Lair (0/6) D:10
    Orc (2/2) D:11          Sewer (visited)         Gauntlet (visited)
    Elf: Orc:2

Altars:
Ashenzari
Cheibriados
Dithmenos
Elyvilon
Fedhas
Gozag
Hepliaklqana
Kikubaaqudgha
Makhleb
Nemelex Xobeh
Okawaru
Qazlal
Ru
Sif Muna
Trog
Uskayaw
Vehumet
Wu Jian
Xom
Yredelemnul
Zin
The Shining One

Shops:
D:6 =   D:8 (%}?   D:9 !   Orc:1 (?

Portals:
Trove: D:12 (give 7 scrolls of fear)

Annotations:
D:7 2 transporters, Destapler's ghost, novice HOFi
Orc:2 Saint Roka


Innate Abilities, Weirdness & Mutations

You reflexively headbutt those who attack you in melee.
You have a pair of horns on your head.


Message History

* * * LOW HITPOINT WARNING * * *
The orc warrior misses you. You furiously retaliate!
You headbutt the orc warrior! You block the orc's attack.
Saint Roka roars a battlecry!
The orcs go into a battle-frenzy!
You closely miss Saint Roka. You headbutt Saint Roka.
Saint Roka is moderately wounded.
The warg bites you but does no damage. The ice beast misses you.
You block Saint Roka's attack.
You hit Saint Roka.
Saint Roka is moderately wounded.
You block the orc warrior's attack. You block the orc's attack.
The warg bites you!
* * * LOW HITPOINT WARNING * * *
You block the ice beast's attack.
Unknown command.
You hit Saint Roka. You headbutt Saint Roka!
Saint Roka is heavily wounded.
The warg bites you.
You die...

### #.# #.###
#...# ####..#
##.$...## #
#.....o.##.#
*##..ooohY...##
**,#..<){#@o....#
* ,#.)[h##o#Y....#
*
*#.....#.#.##)...#
* #.....######
..... * #.......^
*, .... *
,*###.....*
,,,,.... ,*
###.... ,... ,
#...h , ,∩, ,,
#....., , *


You could see Saint Roka, a warg, an orc sorcerer (strong), 2 orc warriors, 2
ice beasts, an orc priest (strong) and an orc (strong).

Vanquished Creatures
  A minotaur (Gauntlet)
  A death ooze (Gauntlet)
  Harold (D:8)
  A death scarab (Gauntlet)
  5 skeletal warriors (D:12)
  The ghost of kthxbai the Sneak, a novice FoHu (D:12)
  A spectral hydra (Gauntlet)
  An orc knight (D:11)
  A manticore (D:12)
  An orc sorcerer (Orc:2)
  5 slime creatures (D:12)
  A moth of wrath (Gauntlet)
  A deep elf mage (D:11)
  Maggie (D:7)
  2 komodo dragons (D:10)
  2 trolls (Orc:1)
  A hornet (D:12)
  6 hippogriffs
  Sigmund (D:3)
  3 wyverns
  A vampire (D:11)
  3 spriggans
  3 wraiths
  18 yaks
  Grum (D:9)
  2 hungry ghosts
  A steam dragon (D:12)
  A basilisk (D:10)
  2 wargs
  A water moccasin (D:5)
  An acid dragon (D:10)
  5 orc warriors
  7 ice beasts
  A phantom (D:11)
  5 sky beasts
  4 black bears
  A necrophage (D:11)
  5 centaurs
  5 wolves
  7 ogres
  2 crocodiles
  A big kobold (D:8)
  6 bullfrogs
  5 scorpions
  13 wights
  3 howler monkeys
  4 crimson imps
  5 bullfrog zombies
  3 quasits
  2 bullfrog skeletons
  A centaur skeleton (D:11)
  5 hounds
  10 orc wizards
  5 jellies
  10 orc priests
  2 iguanas
  12 worker ants
  A killer bee zombie (D:8)
  A hound skeleton (D:8)
  2 hound zombies
  A worker ant zombie (D:11)
  7 gnolls
  A howler monkey skeleton (D:9)
  2 river rats (D:3)
  17 adders
  5 shadow imps
  An ooze (D:3)
  6 adder skeletons
  5 worms
  3 dart slugs
  6 leopard geckos
  43 orcs
  8 giant cockroaches
  2 goblins
  5 hobgoblins
  2 jackals (Sewer)
  2 quokkas
  A ball python (D:4)
  5 bats
  7 frilled lizards
  A giant cockroach zombie (D:5)
  13 kobolds
  A leopard gecko skeleton (D:5)
  A quokka skeleton (D:7)
  A quokka zombie (D:9)
  8 rats
358 creatures vanquished.

Vanquished Creatures (collateral kills)
  A centaur (D:9)
  A scorpion (D:9)
  2 wights (D:9)
  A worker ant (D:9)
5 creatures vanquished.

Vanquished Creatures (others)
  A fungus (D:12)
  4 plants (D:12)
5 creatures vanquished.

Grand Total: 368 creatures vanquished

Notes
Turn   | Place    | Note
-------+----------+-------------------------------------------
     0 | D:1      | Destapler the Minotaur Fighter began the quest for the Orb.
     0 | D:1      | Reached XP level 1. HP: 19/19 MP: 0/0
   264 | D:1      | Reached XP level 2. HP: 24/27 MP: 1/1
   724 | D:2      | Reached skill level 4 in Fighting
   724 | D:2      | Reached skill level 1 in Throwing
   724 | D:2      | Reached XP level 3. HP: 33/33 MP: 2/2
  1491 | D:3      | Reached XP level 4. HP: 39/40 MP: 3/3
  1518 | D:3      | Found a glowing drain.
  1536 | Sewer    | Entered a sewer
  1684 | Sewer    | Noticed a crocodile
  1693 | Sewer    | Killed a crocodile
  1693 | Sewer    | Reached XP level 5. HP: 28/47 MP: 4/4
  2133 | D:3      | Noticed Sigmund
  2135 | D:3      | Noticed an ogre
  2140 | D:3      | Killed Sigmund
  2140 | D:3      | Reached skill level 5 in Fighting
  2140 | D:3      | Reached skill level 5 in Armour
  2140 | D:3      | Reached skill level 5 in Shields
  2140 | D:3      | Reached XP level 6. HP: 47/56 MP: 5/5
  2337 | D:3      | Reached XP level 7. HP: 61/61 MP: 6/6
  2981 | D:4      | Found a staircase to the Ecumenical Temple.
  3014 | Temple   | Entered the Ecumenical Temple
  3320 | Temple   | Became a worshipper of Ashenzari the Shackled
  3707 | D:4      | Found a white marble altar of Elyvilon.
  3718 | D:4      | Reached skill level 5 in Maces & Flails
  3875 | D:5      | Entered Level 5 of the Dungeon
  3903 | D:5      | Found a transporter.
  3917 | D:5      | Found a transporter.
  4004 | D:5      | Reached skill level 6 in Fighting
  4361 | D:5      | Reached XP level 8. HP: 50/70 MP: 7/7
  4634 | D:5      | Found a sparkling altar of Nemelex Xobeh.
  4660 | D:5      | Found an iron altar of Okawaru.
  4984 | D:6      | Identified the +1 pair of boots of Ashenzari's Generosity
                  | {Str+7}
  5242 | D:6      | Found Cacanot's Jewellery Boutique.
  5482 | D:6      | Reached skill level 7 in Fighting
  5577 | D:6      | Found a blossoming altar of Fedhas.
  5601 | D:6      | Reached * piety under Ashenzari
  5696 | D:7      | Noticed a hornet
  5719 | D:6      | Reached skill level 5 in Throwing
  6000 | D:7      | Noticed Destapler's ghost (novice HOFi)
  6029 | D:7      | Reached XP level 9. HP: 79/79 MP: 8/8
  6081 | D:7      | Found a burning altar of Makhleb.
  6083 | D:7      | Noticed a cacodemon
  6101 | D:7      | Found a transporter.
  6101 | D:7      | Found a transporter.
  6211 | D:7      | Found a shimmering altar of Xom.
  6211 | D:7      | Found a hazy altar of Hepliaklqana.
  6212 | D:7      | Found a snail-covered altar of Cheibriados.
  6212 | D:7      | Found a sacrificial altar of Ru.
  6390 | D:7      | Noticed Maggie
  6397 | D:7      | Killed Maggie
  6446 | D:7      | Found a basalt altar of Yredelemnul.
  6709 | D:7      | Noticed a hellwing
  6746 | D:8      | Found Myqiq's Food Shoppe.
  6809 | D:8      | Found Zanag's Antique Weapon Shop.
  6863 | D:8      | Found a white marble altar of Elyvilon.
  6940 | D:8      | Found Neethoi's Gadget Shop.
  7018 | D:8      | Reached skill level 8 in Fighting
  7160 | D:8      | Found Jesunk's Magic Scroll Shop.
  7163 | D:8      | Bought a scroll of remove curse for 33 gold pieces
  7163 | D:8      | Bought a scroll of enchant armour for 82 gold pieces
  7163 | D:8      | Bought a scroll of identify for 22 gold pieces
  7163 | D:8      | Bought a scroll of remove curse for 33 gold pieces
  7163 | D:8      | Bought a scroll of identify for 22 gold pieces
  7269 | D:8      | Noticed Harold
  7286 | D:8      | Killed Harold
  7286 | D:8      | Reached XP level 10. HP: 67/90 MP: 9/9
  7291 | D:8      | Found an ornate altar of the Wu Jian Council.
  7695 | D:9      | Reached skill level 9 in Fighting
  8169 | D:9      | Noticed Grum
  8187 | D:9      | Killed Grum
  8298 | D:9      | Found Dang's Distillery.
  8303 | D:9      | Bought a potion of heal wounds for 75 gold pieces
  8303 | D:9      | Bought a potion of mutation for 120 gold pieces
  8690 | D:10     | Entered Level 10 of the Dungeon
  8787 | D:10     | Reached XP level 11. HP: 90/99 MP: 10/10
  8911 | D:10     | Reached ** piety under Ashenzari
  9270 | D:10     | Reached skill level 10 in Armour
  9275 | D:10     | Reached skill level 10 in Fighting
  9309 | D:10     | Reached skill level 10 in Shields
  9691 | D:10     | Found a staircase to the Lair.
  9991 | D:11     | Noticed a deep elf mage
 10002 | D:11     | Killed a deep elf mage
 10077 | D:11     | Found a burning altar of Makhleb.
 10082 | D:11     | Found a gate leading to a gauntlet.
 10091 | Gauntlet | Entered a Gauntlet
 10091 | Gauntlet | Found a transporter.
 10091 | Gauntlet | Found a transporter.
 10091 | Gauntlet | Found a runed translucent gate.
 10091 | Gauntlet | Noticed a death scarab
 10145 | Gauntlet | Found a transporter.
 10146 | Gauntlet | Found a runed translucent gate.
 10146 | Gauntlet | Found a runed translucent gate.
 10168 | Gauntlet | Found a transporter.
 10175 | Gauntlet | Found a transporter.
 10175 | Gauntlet | Found a transporter.
 10175 | Gauntlet | Found a transporter.
 10175 | Gauntlet | Noticed a death scarab
 10177 | Gauntlet | Found a transporter.
 10177 | Gauntlet | Found a transporter.
 10181 | Gauntlet | Found a runed translucent door.
 10186 | Gauntlet | Noticed a death ooze
 10188 | Gauntlet | Found a transporter.
 10204 | Gauntlet | Found a transporter.
 10206 | Gauntlet | Found a runed translucent door.
 10207 | Gauntlet | Noticed a fire crab
 10214 | Gauntlet | Found a transporter.
 10216 | Gauntlet | Identified the amulet "Jioj" {Reflect rPois SH+5 Stlth+}
 10229 | Gauntlet | Found a transporter.
 10249 | Gauntlet | Found a transporter.
 10313 | Gauntlet | Reached skill level 10 in Maces & Flails
 10334 | Gauntlet | Got the cursed hat of Insatiable Hunger {rElec rC- Str-2
                  | Stlth+}
 10459 | Gauntlet | Killed a death scarab
 10472 | Gauntlet | Got the uncursed pair of boots of Mirth {rN+ rCorr Str+3
                  | Int-2}
 10497 | Gauntlet | Killed a death ooze
 10506 | Gauntlet | Got the long sword "Devewog" {protect, Str+2}
 10509 | Gauntlet | Got the hand crossbow of Onni {penet, +Blink rElec rF-
                  | Int+8}
 10512 | Gauntlet | Noticed a minotaur
 10553 | Gauntlet | Killed a minotaur
 10928 | D:11     | Identified the +6 long sword "Devewog" {protect, Str+2}
                  | (You found it in a Gauntlet)
 10929 | D:11     | Identified the +6 hand crossbow of Onni {penet, +Blink
                  | rElec rF- Int+8} (You found it in a Gauntlet)
 10953 | D:11     | Identified the +1 pair of boots of Mirth {rN+ rCorr Str+3
                  | Int-2} (You found it in a Gauntlet)
 10964 | D:11     | Identified a +1 pair of boots of running (You found it in a
                  | Gauntlet)
 10990 | D:11     | Identified the cursed +0 hat of Insatiable Hunger {rElec
                  | rC- Str-2 Stlth+} (You found it in a Gauntlet)
 11199 | D:11     | Got the spear of Ancient Evil {vorpal, +Blink +Fly rC-
                  | Stlth+}
 11419 | D:11     | Found a staircase to the Orcish Mines.
 11458 | D:11     | Reached skill level 11 in Fighting
 11900 | D:12     | Reached XP level 12. HP: 110/110 MP: 11/11
 12176 | D:12     | Reached skill level 1 in Dodging
 12187 | D:12     | Reached skill level 1 in Evocations
 12378 | D:12     | Found a runed translucent door.
 12381 | D:12     | Noticed kthxbai's ghost (novice FoHu)
 12381 | D:12     | Identified the +8 spear "Otwal" {flame, *Noise +Blink
                  | rPois}
 12394 | D:12     | Found a portal to a secret trove of treasure.
 12467 | D:12     | HP: 2/110 [skeletal warrior/+0 halberd[a skeletal warrior]
                  | (11)]
 13148 | D:12     | Identified the +7 spear of Ancient Evil {vorpal, +Blink
                  | +Fly rC- Stlth+} (You found it on level 11 of the Dungeon)
 13168 | D:12     | Killed kthxbai's ghost
 13335 | Orc:1    | Entered Level 1 of the Orcish Mines
 13486 | Orc:1    | Found Qaekuwko's Magic Scroll Emporium.
 13528 | Orc:1    | Found Dimn's Weapon Emporium.
 13547 | Orc:1    | Found a burning altar of Makhleb.
 13599 | Orc:1    | Bought a scroll of acquirement for 520 gold pieces
 13599 | Orc:1    | Bought a scroll of identify for 20 gold pieces
 13599 | Orc:1    | Bought a scroll of enchant armour for 75 gold pieces
 13599 | Orc:1    | Bought a scroll of identify for 20 gold pieces
 13599 | Orc:1    | Bought a scroll of remove curse for 30 gold pieces
 13599 | Orc:1    | Acquired a manual of Fighting
 13717 | Orc:2    | Entered Level 2 of the Orcish Mines
 13953 | Orc:2    | Reached skill level 12 in Fighting
 13979 | Orc:2    | Noticed Saint Roka
 14002 | Orc:2    | HP: 8/168 [warg[Saint Roka] (3)]
 14004 | Orc:2    | HP: 2/168 [warg[Saint Roka] (7)]
 14005 | Orc:2    | Slain by a warg

Illustrated notes

Levels and vault maps discovered:
D:1:      nicolae_arrival_memento_mori, layout_loops_ring
D:2:      layout_basic, first_ration, kennysheep_doodads
D:3:      layout_basic, serial_glass, glass_columns_a, glass_columns_a,
          glass_columns_c, glass_columns_a, due_unseen_surprise,
          feat_on_display, item_on_display_a, portal_sewer_entry_e, uniq_sigmund
D:4:      layout_loops_ring, elyvilon_altar_5, minmay_temple_entry_mini_moons,
          hangedman_decor_push
D:5:      gammafunk_wand_slinger, layout_cave_pods, okawaru_metal_pillars_3,
          serial_park, serial_park_tiny_pond, serial_park_square2,
          serial_park_gazebo [serial_park_minivault_5x5_7], serial_park_tiny_1,
          serial_park_tiny_1
D:6:      layout_cave_pools, fedhas_altar_4, serial_shops, shop,
          minmay_misc_feat_hallway
D:7:      layout_basic, makhleb_altar_promises_db,
          grunt_temple_overflow_cloverleaf, lemuel_coloured_pillars_altar,
          gammafunk_ghost_hive, uniq_maggie
D:8:      layout_basic, lemuel_crystal_altar, serial_shops,
          nicolae_shop_statue_plus, shop, nicolae_shop_trees, kennysheep_mini,
          basic_altar, uniq_harold
D:9:      layout_loops_ring, serial_shops, shop_fountains, evilmike_minifort,
          uniq_grum
D:10:     layout_roguey, erik_lair_dragon, the_bakery, nicolae_twisting_strands
D:11:     layout_roguey, david_orc_2, gauntlet_entry_generic, basic_altar
D:12:     layout_gridville, enter_trove_0, ebering_ghost_funeral_grove
Temple:   hc_temple_tempest_star
Orc:1:    layout_diamond_mine, basic_altar, serial_shops, shop_fountains,
          shop_scrolls, shop, shop_coins, nicolae_shop_waterfront
Orc:2:    grunt_orc_tribal_feast, layout_diamond_mine,
          portal_ice_cave_entry_ice_beasts, uniq_saint_roka

Skill      XL: |  1  2  3  4  5  6  7  8  9 10 11 12 |
---------------+-------------------------------------+-----
Fighting       | 4 5 6 7 8 9 11 12 | 12.0
Throwing       | 1 2 3 5 6 7 8 9 |  9.1
Armour         | 4 5 6 7 8 9 11 | 11.7
Shields        | 4 5 6 7 8 9 11 | 11.7
Maces & Flails | 3 4 5 6 8 9 10 11 | 11.5
Dodging        | 4 |  4.7
Evocations     | 3 |  3.8

Action                   |  1- 3 |  4- 6 |  7- 9 | 10-12 || total
-------------------------+-------+-------+-------+-------++-------
Melee: Flail             |    65 |       |       |   215 ||   280
       Headbutt          |     8 |    16 |    94 |   301 ||   419
       Whip              |    23 |    69 |   346 |   537 ||   975
       Spear             |       |       |       |   134 ||   134
Throw: Boomerang         |       |       |    15 |       ||    15
       Dart              |       |       |     7 |     9 ||    16
       Throwing net      |       |       |       |     3 ||     3
       Javelin           |       |       |       |     3 ||     3
Evoke: Wand              |       |       |     2 |     5 ||     7
       Lightning rod     |       |       |       |     1 ||     1
  Use: Scroll            |     4 |     1 |     1 |    17 ||    23
       Potion            |       |       |     2 |    12 ||    14
 Stab: Held in net/web   |       |       |       |     2 ||     2
  Eat: Chunk             |     2 |     3 |    12 |    24 ||    41
       Ration            |       |       |     1 |       ||     1
Armor: Scale mail        |    49 |     8 |    10 |       ||    67
       Leather armour    |       |     3 |    29 |       ||    32
       Plate armour      |       |       |    45 |   115 ||   160
       Chain mail        |       |       |       |   126 ||   126
Dodge: Dodged            |    25 |    19 |   136 |   219 ||   399
Block: Kite shield       |    56 |    36 |   176 |   686 ||   954
       Reflection        |       |       |       |     6 ||     6
